 Dungeon Crawl Stone Soup version 0.21-a0-19-g210df22 (webtiles) character file.

81 tof the Poker (level 4, 0/44 HPs)
             Began as a Troll Monk on May 24, 2017.
             Succumbed to a kobold's poison
             ... on level 3 of the Dungeon.
             The game lasted 00:03:02 (1700 turns).

tof the Poker (Troll Monk)                          Turns: 1700, Time: 00:03:03

Health: 0/44       AC:  5    Str: 19    XL:     4   Next: 20%
Magic:  3/3        EV: 11    Int:  6    God:
Gold:   105        SH:  0    Dex: 13    Spells: 3/3 levels left

rFire    . . .     SeeInvis .   a - +0 spear
rCold    . . .     Gourm    +   (no shield)
rNeg     . . .     Faith    .   b - +0 robe
rPois    .         Spirit   .   (helmet restricted)
rElec    .         Reflect  .   (no cloak)
rCorr    .         Harm     .   (gloves unavailable)
MR       .....                  (boots unavailable)
Stlth    ++........             (no amulet)
Regen    0.6/turn               (no ring)
MPRegen  0.1/turn               (no ring)

@: lethally poisoned (0 -> -10)
A: unfitting armour, claws 3, fast metabolism 3, gourmand, regeneration 1,
shaggy fur 1, tough skin 2
a: no special abilities


You were on level 3 of the Dungeon.
You were completely stuffed.

You visited 1 branch of the dungeon, and saw 3 of its levels.

You collected 105 gold pieces.

Inventory:

Hand Weapons
 a - a +0 spear (weapon)
Armour
 b - a +0 robe (worn)
Jewellery
 j - an uncursed amulet of the gourmand {unknown}
Scrolls
 d - a scroll of magic mapping {unknown}
 f - 2 scrolls of teleportation {unknown}
 i - a scroll of random uselessness {unknown}
 k - 4 scrolls of remove curse {unknown}
 n - 2 scrolls of identify {unknown}
Potions
 e - a potion of flight {unknown}
 g - a potion of curing {unknown}
 h - a potion of berserk rage {unknown}
 m - 3 potions of mutation {unknown}
Comestibles
 c - 7 bread rations
 l - 2 meat rations
 o - 2 chunks of flesh


   Skills:
 * Level 2.9 Fighting
 * Level 3.2 Polearms
 + Level 2.8 Dodging
 + Level 1.3 Stealth


You had 3 spell levels left.
You didn't know any spells.

Dungeon Overview and Level Annotations

Branches:
Dungeon (3/15)

Altars:
Nemelex Xobeh
Sif Muna


Innate Abilities, Weirdness & Mutations

You are too large for most types of armour.
You have claws for hands.
Your metabolism is lightning-fast.
You like to eat raw meat.
Your natural rate of healing is unusually fast.
You are covered in fur. (AC +1)
You have very tough skin. (AC +2)


Message History

The adder is heavily wounded.
* * * LOW HITPOINT WARNING * * *
You feel sick. The bat hits you but does no damage.
The adder barely misses you.
You hit the adder but do no damage.
The adder is heavily wounded.
* * * LOW HITPOINT WARNING * * *
You feel sick. The adder closely misses you. The kobold hits you.
* * * LOW HITPOINT WARNING * * *
The adder bites you but does no damage.
* * * LOW HITPOINT WARNING * * *
You feel sick.
The kobold shoots a poisoned needle.
The poisoned needle hits you!
You are more poisoned.
You see here a poisoned needle.
* * * LOW HITPOINT WARNING * * *
You feel sick.
* * * LOW HITPOINT WARNING * * *
You feel sick. The bat closely misses you. The adder barely misses you.
You die...

.##.## #. .....#
... #. ...########
.. #. ...'.......
.. #. ...########
##. ...# ..
...##### .#
.......# ######.#
.......# ##....@.#
.......# #..###..#
.......### ..# #bS#
.......##.. #.##K.#
.......#...# #....#
.........##.##.K#.#
.........# #..(##.#
.....####.##.(## .#
..)..#!.
#....###.###


You could see an adder, a bat and 2 kobolds.

Vanquished Creatures
  A gnoll (D:1)
  An adder (D:2)
  An ooze (D:3)
  A dart slug (D:1)
  A leopard gecko (D:3)
  2 orcs (D:3)
  5 giant cockroaches
  10 goblins
  5 hobgoblins
  4 jackals (D:1)
  A quokka (D:2)
  7 bats
  A frilled lizard (D:2)
  4 kobolds
  4 rats
48 creatures vanquished.

Notes
Turn   | Place    | Note
-------+----------+-------------------------------------------
     0 | D:1      | tof the Troll Monk began the quest for the Orb.
     0 | D:1      | Reached XP level 1. HP: 22/22 MP: 0/0
    95 | D:1      | Reached XP level 2. HP: 27/29 MP: 1/1
   571 | D:1      | Reached XP level 3. HP: 34/36 MP: 2/2
   912 | D:2      | Found a sparkling altar of Nemelex Xobeh.
  1025 | D:2      | Reached skill level 3 in Polearms
  1244 | D:2      | Found a faded altar of an unknown god.
  1419 | D:2      | Found a deep blue altar of Sif Muna.
  1479 | D:3      | Reached XP level 4. HP: 35/44 MP: 3/3
  1698 | D:3      | HP: 2/44 [poisoned by a kobold]
  1700 | D:3      | Succumbed to a kobold's poison

Vault maps used:
D:1:      evilmike_arrival_rings
D:2:      old_standard_altar, led_sif_pool, chequers_ecumenical_altar_simple
D:3:      lemuel_round_altar, tgw_trog, minmay_overflow_temple_star_quad,
          minmay_vboxes

Skill      XL: |  1  2  3 |
---------------+----------+-----
Polearms       | 3 |  3.2
Fighting       | |  2.9
Dodging        | |  2.8
Stealth        | |  1.3

Action                   |  1- 3 |  4- 6 || total
-------------------------+-------+-------++-------
Melee: Spear             |   149 |    59 ||   208
 Stab: Sleeping          |     6 |     1 ||     7
  Eat: Chunk             |    17 |     4 ||    21
Armor: Robe              |    43 |    39 ||    82
Dodge: Dodged            |    58 |    72 ||   130
